 Dungeon Crawl Stone Soup version 0.30-a0-576-g89cddaab80 (webtiles) character file.

Game seed: 4604783409375438751

445 HoaS the Skirmisher (level 7, -6/40 HPs)
             Began as a Tengu Hunter on Dec 30, 2022.
             Killed by nerve-wracking pain
             ... invoked by an orc priest
              (7 damage)
             ... on level 4 of the Dungeon.
             The game lasted 00:05:41 (2767 turns).

HoaS the Skirmisher (Tengu Hunter)                  Turns: 2767, Time: 00:05:42

Health: -6/40      AC:  3    Str: 11    XL:     7   Next: 3%
Magic:  8/8        EV: 14    Int: 10    God:
Gold:   200        SH:  0    Dex: 19    Spells: 6/6 levels left

rFire   . . .      SeeInvis .    a - +0 shortbow
rCold   . . .      Faith    .    (shield currently unavailable)
rNeg    + . .      Spirit   .    c - +0 leather armour
rPois   .          Reflect  .    (helmet restricted)
rElec   .          Harm     .    (no cloak)
rCorr   .          Rampage  .    (no gloves)
Will    .....                    (boots unavailable)
Stlth   ++                       (no amulet)
HPRegen 0.26/turn                j - ring of positive energy
MPRegen 0.11/turn                (no ring)

@: flying quickly and evasively, quick
A: beak, talons 3, nimble flight
a: no special abilities


You were on level 4 of the Dungeon.
You visited 1 branch of the dungeon, and saw 4 of its levels.

You collected 200 gold pieces.

Inventory:

Hand Weapons
 a - a +0 shortbow (weapon)
Armour
 c - a +0 leather armour (worn)
Jewellery
 j - a ring of positive energy (left hand)
Scrolls
 b - a scroll of immolation
 g - a scroll of summoning
Potions
 d - 2 potions of flight
 e - a potion of curing
 i - a potion of ambrosia {unknown}
 k - a potion of attraction {unknown}
 l - a potion of mutation {unknown}


   Skills:
 - Level 2.0 Fighting
 + Level 9.0 Ranged Weapons
 - Level 2.1 Dodging
 - Level 1.0 Stealth


You had 6 spell levels left.
You didn't know any spells.
Your spell library was empty.

Dungeon Overview and Level Annotations

Branches:
Dungeon (4/15)
 Temple: D:4-7

Altars:
Sif Muna
Trog
The Shining One

Annotations:
D:2 Sigmund
D:3 1 runed translucent door, Crazy Yiuf


Innate Abilities, Weirdness & Mutations

You have a beak for a mouth.
You have claws for feet.
Your magical nature lets you fly swiftly and evasively.


Message History

You hear a shout! x2
The orc priest invokes the aid of Beogh against you.
Beogh smites you!
You hear a shout!
You shoot an arrow. The arrow hits the orc priest.
The orc priest is heavily wounded.
The orc priest calls down the wrath of Beogh upon you.
Beogh smites you!
You hear a shout! x2
You are too injured to fight recklessly!
You are too injured to fight recklessly!
You are too injured to fight recklessly!
You are too injured to fight recklessly!
Fire: a) +0 shortbow
Press: ? - help, Q - select action Shift-Dir - straight line, f/p - orc priest
Aim: an orc priest, wielding a +0 short sword of draining (heavily wounded, 66% to hit)
You shoot an arrow. The arrow hits the orc priest.
The orc priest is almost dead.
The orc priest casts a cantrip, but nothing happens.
Fire: a) +0 shortbow
Press: ? - help, Q - select action Shift-Dir - straight line, f/p - orc priest
Aim: an orc priest, wielding a +0 short sword of draining (almost dead, 66% to hit)
You shoot an arrow. The arrow barely misses the orc priest.
The orc priest calls down the wrath of Beogh upon you.
Beogh smites you!
* * * LOW HITPOINT WARNING * * *
Fire: a) +0 shortbow
Press: ? - help, Q - select action Shift-Dir - straight line, f/p - orc priest
Aim: an orc priest, wielding a +0 short sword of draining (severely wounded, 66% to hit)
You shoot an arrow. The arrow hits the orc priest!
You kill the orc priest!
An orc priest comes into view. It is wielding a +0 mace.
Your Ranged Weapons skill increases to level 9!
You have reached level 7!
An orc comes into view.
It is wielding a +0 dagger of protection.
The orc throws a stone.
The stone hits you.
* * * LOW HITPOINT WARNING * * *
The orc priest mumbles some strange prayers to Beogh against you.
Pain shoots through your body!
You die...

#...#### #......###
######## #.......##
##......### #.........
#..._.....## ##.........
#...8......## ##.....<...#
#..._.......###..#.......#
#.......)....#..###......#
#........@...†### ##.....#
###...........# #..####
###.........# ##.# ****
#..o.....## #.#* **,<**
##)...#### ****,,**
**,,,,**#).####
***,,,,,,** **,,,,,,,o.##
***,,,,,,,,,,
***,,,,,,,.##*
**,,,,,,,,,,,,
**,,,,,,,,,**
***,,,,,,,,,,,,,


You could see an orc priest and an orc.

Vanquished Creatures
  A black bear (D:4)
  2 orc priests (D:4)
  An iguana (D:4)
  Natasha (thrice) (D:3)
  An orc wizard (D:4)
  7 gnolls
  3 adders
  A worm (D:2)
  3 dart slugs
  7 orcs
  4 bats
  5 endoplasms
  2 giant cockroaches
  4 goblins
  6 hobgoblins
  3 kobolds (D:1)
  2 quokkas
  6 ball pythons
  3 frilled lizards (D:1)
  9 rats
73 creatures vanquished.

Notes
Turn   | Place    | Note
-------+----------+-------------------------------------------
     0 | D:1      | HoaS the Tengu Hunter began the quest for the Orb.
     0 | D:1      | Reached XP level 1. HP: 12/12 MP: 2/2
    56 | D:1      | Reached XP level 2. HP: 17/17 MP: 3/3
   130 | D:1      | Reached skill level 5 in Ranged Weapons
   409 | D:1      | Found a faded altar of an unknown god.
   606 | D:1      | Reached XP level 3. HP: 21/21 MP: 4/4
  1134 | D:2      | Noticed Sigmund
  1480 | D:3      | Reached skill level 6 in Ranged Weapons
  1480 | D:3      | Reached XP level 4. HP: 26/26 MP: 5/5
  1728 | D:3      | Noticed Natasha
  1732 | D:3      | Killed Natasha
  1743 | D:3      | Gained mutation: Your magical nature lets you fly swiftly
                  | and evasively. [Tengu growth]
  1743 | D:3      | Reached XP level 5. HP: 30/30 MP: 6/6
  1843 | D:3      | Reached skill level 7 in Ranged Weapons
  1933 | D:3      | Noticed Natasha
  1939 | D:3      | Killed Natasha
  1978 | D:3      | Found a bloodstained altar of Trog.
  2081 | D:3      | Noticed Natasha
  2087 | D:3      | Killed Natasha
  2088 | D:3      | Reached XP level 6. HP: 31/35 MP: 7/7
  2247 | D:3      | Found a runed translucent door.
  2248 | D:3      | Noticed Crazy Yiuf
  2279 | D:4      | Reached skill level 8 in Ranged Weapons
  2369 | D:4      | Noticed a black bear
  2378 | D:4      | Killed a black bear
  2746 | D:4      | Found a glowing golden altar of the Shining One.
  2746 | D:4      | Found a shimmering blue altar of Sif Muna.
  2763 | D:4      | HP: 1/35 [orc priest/divine providence (12)]
  2765 | D:4      | Reached skill level 9 in Ranged Weapons
  2765 | D:4      | Reached XP level 7. HP: 1/40 MP: 8/8
  2767 | D:4      | Killed from afar by an orc priest

Illustrated notes

Levels and vault maps discovered:
D:1:      grunt_arrival_lava_bath, layout_basic,
          shapermc_ecumenical_altar_petra, st_stairs_14
D:2:      layout_basic, uniq_sigmund
D:3:      layout_loops_ring, mainiacjoe_overflow_paths, uniq_natasha,
          uniq_crazy_yiuf_cottage
D:4:      layout_cave_pods, chequers_temple_overflow_statue_of_worship

Skill      XL: |  1  2  3  4  5  6 |
---------------+-------------------+-----
Ranged Weapons | 5 6 7 9 |  9.0
Fighting       | |  2.0
Dodging        | |  2.1
Stealth        | |  1.0

Action                   |  1- 3 |  4- 6 |  7- 9 || total
-------------------------+-------+-------+-------++-------
Melee: Shortbow          |       |     2 |       ||     2
       Peck              |       |     1 |       ||     1
 Fire: Shortbow          |    67 |   135 |       ||   202
  Use: Scroll            |     6 |     4 |       ||    10
       Potion            |       |     1 |       ||     1
Armor: Leather armour    |     3 |    12 |       ||    15
Dodge: Dodged            |    13 |    36 |       ||    49

Table legend: (Time is in decaauts)
 A = Elapsed time spent in this place.
 B = Non-inter-level travel time spent in this place.
 C = Inter-level travel time spent in this place.
 D = Time resting spent in this place.
 E = Time spent auto-exploring this place.
 F = Levels seen in this place.
 G = Mean time per level.
                   A        B        C        D        E       F      G
               +--------+--------+--------+--------+--------+-----+--------+
         Total |   2724 |   2657 |     67 |    359 |   1879 |   4 |  681.0 |
       Dungeon |   2724 |   2657 |     67 |    359 |   1879 |   4 |  681.0 |
               +--------+--------+--------+--------+--------+-----+--------+

Top non-repeatable levels by time:
     D:1: 909 daAuts
     D:3: 774 daAuts
     D:2: 577 daAuts
     D:4: 462 daAuts
